 Dungeon Crawl Stone Soup version 0.27.1-33-g824d729ab1 (webtiles) character file.

Game seed: 12165044722249367303

0 ces the Grave Robber (level 1, 0/13 HPs)
             Began as a Gnoll Wanderer on Dec 1, 2021.
             Slain by a goblin (1 damage)
             ... on level 1 of the Dungeon.
             The game lasted 00:00:50 (28 turns).

ces the Grave Robber (Gnoll Wanderer)                 Turns: 28, Time: 00:00:50

Health: 0/13       AC:  2    Str: 10    XL:     1   Next: 10%
Magic:  6/6        EV: 11    Int: 11    God:
Gold:   0          SH:  0    Dex: 12    Spells: 9/9 levels left

rFire    . . .     SeeInvis .   a - +0 dagger
rCold    . . .     Faith    .   (no shield)
rNeg     . . .     Spirit   .   b - +0 robe
rPois    .         Reflect  .   (no helmet)
rElec    .         Harm     .   (no cloak)
rCorr    .         Rampage  .   (no gloves)
Will     .....                  (no boots)
Stlth    +.........             (no amulet)
HPRegen  0.04/turn              (no ring)
MPRegen  0.10/turn              (no ring)

@: no status effects
A: fangs 1, strong nose, distributed training
a: no special abilities


You were on level 1 of the Dungeon.
You visited 1 branch of the dungeon, and saw 1 of its levels.

Inventory:

Hand Weapons
 a - a +0 dagger (weapon)
Armour
 b - a +0 robe (worn)
Potions
 c - a potion of curing


   Skills:
 + Level 0.0 Fighting
 + Level 0.0 Short Blades
 + Level 0.0 Long Blades
 + Level 0.0 Axes
 + Level 0.0 Maces & Flails
 + Level 0.0 Polearms
 + Level 0.0 Staves
 + Level 0.0 Slings
 + Level 0.0 Bows
 + Level 0.0 Crossbows
 + Level 2.3 Throwing
 + Level 0.0 Armour
 + Level 0.0 Dodging
 + Level 0.0 Stealth
 + Level 2.3 Shields
 + Level 0.0 Unarmed Combat
 + Level 4.8 Spellcasting
 + Level 3.6 Conjurations
 + Level 0.0 Hexes
 + Level 0.0 Summonings
 + Level 5.3 Necromancy
 + Level 1.9 Translocations
 + Level 0.0 Transmutations
 + Level 0.0 Fire Magic
 + Level 0.0 Ice Magic
 + Level 0.0 Air Magic
 + Level 0.0 Earth Magic
 + Level 0.0 Poison Magic
 + Level 0.0 Invocations
 + Level 0.0 Evocations


You had 9 spell levels left.
You didn't know any spells.
Your spell library contained the following spells:

 Spells                   Type           Power      Damage    Failure   Level
 Animate Skeleton         Necr           28%        N/A       2%          1
 Pain                     Necr           56%        1d6       2%          1
 Vampiric Draining        Necr           7%         2d7       8%          3
 Apportation              Tloc           12%        N/A       10%         1
 Animate Dead             Necr           7%         N/A       24%         4
 Gell's Gravitas          Tloc           3%         N/A       30%         3
 Agony                    Necr           14%        N/A       56%         5


Dungeon Overview and Level Annotations

Branches:
Dungeon (1/15)

Altars:


Innate Abilities, Weirdness & Mutations

You have very sharp teeth.
Your uncanny sense of smell can sniff out nearby items.
Your experience applies equally to all skills.


Message History

The goblin moves out of view.
An endoplasm is nearby!
An endoplasm is nearby!
An endoplasm is nearby!
A bat comes into view.
The endoplasm freezes you.
You are frozen.
The bat barely misses you.
You hit the endoplasm but do no damage. The bat hits you but does no damage.
The endoplasm barely misses you.
You hit the endoplasm.
You bite the endoplasm, but do no damage.
The endoplasm is heavily wounded.
The bat hits you but does no damage. The endoplasm barely misses you.
The goblin barely misses you.
You hit the endoplasm but do no damage.
You bite the endoplasm, but do no damage.
The endoplasm is heavily wounded.
The endoplasm freezes you.
You are frozen.
The bat completely misses you. The goblin barely misses you.
You hit the endoplasm but do no damage.
The endoplasm is heavily wounded.
The bat hits you but does no damage. The endoplasm freezes you.
You are frozen.
The goblin hits you with a +0 dagger.
* * * LOW HITPOINT WARNING * * *
You are too injured to fight recklessly!
You are too injured to fight recklessly!
You are too injured to fight recklessly!
You hit the endoplasm.
The endoplasm is severely wounded.
The endoplasm hits you.
* * * LOW HITPOINT WARNING * * *
The bat closely misses you. The goblin hits you but does no damage.
You miss the bat. The bat closely misses you. x2
The endoplasm closely misses you. The goblin closely misses you.
You hit the bat. Your bite misses the bat.
The bat is moderately wounded.
The bat closely misses you. The endoplasm barely misses you.
The goblin hits you with a +0 dagger.
You die...

...#
#.........
##..
#..#.#.#..
#.. #..#.#
## #..# .
#.. #..# #.
.... #..# ..
..... #..#
..
......###..#
#....!J@...#
#.....gb...#
####.####..#
# #..# #..#
#..# #..# ∆
..#


You could see an endoplasm, a goblin and a bat.

Vanquished Creatures
  A frilled lizard (D:1)
1 creature vanquished.

Notes
Turn   | Place    | Note
-------+----------+-------------------------------------------
     0 | D:1      | ces the Gnoll Wanderer began the quest for the Orb.
     0 | D:1      | ces set off with the following items: a +0 dagger, a +0
                  | robe, a potion of curing; and the following spells
                  | available to memorise: Animate Skeleton, Pain, Vampiric
                  | Draining, Apportation, Animate Dead, Gell's Gravitas, Agony
     0 | D:1      | Reached XP level 1. HP: 13/13 MP: 6/6
    28 | D:1      | Slain by a goblin

Illustrated notes

Levels and vault maps discovered:
D:1:      dpeg_arrival_boxes_within_box, layout_basic,
          ebering_ecumenical_altar_rust, minivault_25, minmay_box_of_dots

Action                   || total
-------------------------++-------
Melee: Dagger            ||     8
       Bite              ||     2
Armor: Robe              ||     4
Dodge: Dodged            ||    13
